 Dungeon Crawl Stone Soup version 0.28.0-45-g0d030f2227 (webtiles) character file.

Game seed: 11733598494666879314

97 selver the Cudgeller (level 4, -1/39 HPs)
             Began as a Minotaur Fighter on Apr 14, 2022.
             Killed by nerve-wracking pain
             ... invoked by Grinder
              (6 damage)
             ... while paralysed by Grinder
             ... on level 3 of the Dungeon.
             The game lasted 00:06:58 (2573 turns).

selver the Cudgeller (Minotaur Fighter)             Turns: 2573, Time: 00:06:59

Health: -1/39      AC: 10    Str: 17 (20) XL:     4   Next: 42%
Magic:  3/3        EV:  2    Int:  6 (7)  God:
Gold:   40         SH:  0    Dex:  7 (10) Spells: 3/3 levels left

rFire   . . .      SeeInvis .   a - +0 flail
rCold   . . .      Faith    .   c - +0 buckler
rNeg    . . .      Spirit   .   b - +0 scale mail
rPois   .          Reflect  .   e - +2 hat
rElec   .          Harm     .   (no cloak)
rCorr   .          Rampage  .   (no gloves)
Will    .....                   o - +0 pair of boots
Stlth   ..........              (no amulet)
HPRegen 0.13/turn               (no ring)
MPRegen 0.08/turn               (no ring)

@: paralysed
A: horns 2, retaliatory headbutt
a: no special abilities


You were on level 3 of the Dungeon.
You visited 1 branch of the dungeon, and saw 3 of its levels.

You collected 40 gold pieces.

Inventory:

Hand Weapons
 a - a +0 flail (weapon)
Armour
 b - a +0 scale mail (worn)
 c - a +0 buckler (worn)
 d - a +0 chain mail
 e - a +2 hat (worn)
 g - a +0 tower shield
 n - the +0 ring mail of Stained Birdsong {rCorr Slay+3}
   (You found it on level 3 of the Dungeon)

   Slay:      It affects your accuracy & damage with ranged weapons and melee
   (+3).
   rCorr:     It protects you from acid and corrosion.
 o - a +0 pair of boots (worn)
Scrolls
 f - a scroll of vulnerability {unknown}
 h - a scroll of noise {unknown}
 i - a scroll of teleportation {unknown}
 j - 4 scrolls of magic mapping {unknown}
Potions
 l - a potion of ambrosia


   Skills:
 - Level 3.6 Fighting
 * Level 4.8 Maces & Flails
 - Level 3.6 Armour
 - Level 0.2 Dodging
 + Level 4.6 Shields


You had 3 spell levels left.
You didn't know any spells.
Your spell library contained the following spells:

 Spells                   Type           Power      Damage    Failure   Level
 Passage of Golubria      Tloc           0%         N/A       100%        4
 Silence                  Hex/Air        0%         N/A       100%        5
 Lehudib's Crystal Spear  Conj/Erth      0%         10d2      100%        8


Dungeon Overview and Level Annotations

Branches:
Dungeon (3/15)

Altars:
Qazlal

Annotations:
D:3 Grinder


Innate Abilities, Weirdness & Mutations

You have a pair of horns on your head.
You reflexively headbutt those who attack you in melee.


Message History

Grinder hits you.
You writhe in agony.
You closely miss Grinder.
Grinder is moderately wounded.
Grinder gestures at you. Pain shoots through your body!
You hit Grinder but do no damage. Your headbutt misses Grinder.
Grinder is moderately wounded.
Grinder blinks!
Grinder hits you.
You writhe in agony.
You are too injured to fight recklessly!
You are too injured to fight recklessly!
You are too injured to fight recklessly!
You sock Grinder!
Grinder is heavily wounded.
Grinder gestures at you. Pain shoots through your body!
You hit Grinder but do no damage. You headbutt Grinder!
Grinder is severely wounded.
Grinder blinks!
Grinder gestures at you. You resist with significant effort.
Grinder gestures at you.
You suddenly lose the ability to move!
Grinder hits you but does no damage.
You can move again.
You hit Grinder. Your headbutt misses Grinder.
Grinder is severely wounded.
Grinder says, "Wait up."
Grinder gestures at you. Pain shoots through your body!
* * * LOW HITPOINT WARNING * * *
Grinder barely misses you.
You hit Grinder.
Grinder is almost dead.
Grinder gestures at you.
You suddenly lose the ability to move!
Grinder hits you but does no damage. Grinder gestures at you.
Pain shoots through your body!
You die...

###...# ....#.## ####...##
#.....###########
##..............#
##.###########.# #.# ##.#######
#.##.# #.# #........####.##..
##'## #@.....#.##......# ##...##
#5.###.#.##.#.##.# ##.†...##
##..###.#.##...##.# ##.......##
##.....#.#.##..#.#.#
#.........####...##.#.#.##......#
+.........'...........†..........
#.........####..........##......#
##.......## ##.......#.###.#.#.#
##.....## #####.###.# #.###.#


You could see Grinder.

Vanquished Creatures
  An orc wizard (D:2)
  2 adders (D:2)
  A worm (D:3)
  3 orcs (D:2)
  7 ball pythons
  5 endoplasms
  A giant cockroach (D:2)
  3 hobgoblins (D:2)
  5 jackals
  3 kobolds (D:1)
  5 bats
  A frilled lizard (D:2)
  3 goblins
  5 rats
45 creatures vanquished.

Notes
Turn   | Place    | Note
-------+----------+-------------------------------------------
     0 | D:1      | selver the Minotaur Fighter began the quest for the Orb.
     0 | D:1      | Reached XP level 1. HP: 19/19 MP: 0/0
   276 | D:1      | Reached XP level 2. HP: 26/26 MP: 1/1
   940 | D:2      | Found a stormy altar of Qazlal.
  1205 | D:2      | Reached XP level 3. HP: 31/31 MP: 2/2
  1477 | D:2      | Reached XP level 4. HP: 39/39 MP: 3/3
  1581 | D:2      | Found a faded altar of an unknown god.
  2254 | D:3      | Identified the +0 ring mail of Stained Birdsong {rCorr
                  | Slay+3}
  2285 | D:3      | Noticed Grinder
  2297 | D:3      | Paralysed by Grinder for 7 turns
  2565 | D:3      | Paralysed by Grinder for 5 turns
  2571 | D:3      | Paralysed by Grinder for 7 turns
  2573 | D:3      | Killed from afar by Grinder

Illustrated notes

Levels and vault maps discovered:
D:1:      wheals_arrival_shading, layout_basic
D:2:      layout_rooms, ebering_ecumenical_altar_petrified, basic_altar,
          kennysheep_flooded_box, hex_large
D:3:      layout_loops_corners, uniq_grinder

Skill      XL: |  1  2  3 |
---------------+----------+-----
Maces & Flails | 3 4 |  4.8
Shields        | 4 |  4.6
Fighting       | |  3.6
Armour         | |  3.6
Dodging        | |  0.2

Action                   |  1- 3 |  4- 6 || total
-------------------------+-------+-------++-------
Melee: Flail             |    61 |    50 ||   111
       Headbutt          |     9 |     7 ||    16
  Use: Potion            |     2 |     2 ||     4
Armor: Scale mail        |    34 |    21 ||    55
Dodge: Dodged            |    35 |    23 ||    58
Block: Buckler           |    13 |     6 ||    19
